 Dungeon Crawl Stone Soup version 0.27.1 (webtiles) character file.

Game seed: 683356846342060927

102 H0rd4k the Caller (level 4, -3/31 HPs)
             Began as a Barachi Summoner on Aug 27, 2021.
             Shot with a bolt by a kobold brigand (10 damage)
             ... in a sewer.
             The game lasted 00:04:50 (3804 turns).

H0rd4k the Caller (Barachi Summoner)                Turns: 3804, Time: 00:04:50

Health: -3/31      AC:  2    Str:  9    XL:     4   Next: 77%
Magic:  2/8        EV: 12    Int: 17    God:
Gold:   85         SH:  0    Dex: 12    Spells: 5/9 levels left

rFire    . . .     SeeInvis +   d - +2 long sword (holy)
rCold    . . .     Faith    .   (no shield)
rNeg     . . .     Spirit   .   a - +0 robe
rPois    .         Reflect  .   (no helmet)
rElec    .         Harm     .   (no cloak)
rCorr    .         Rampage  .   (no gloves)
Will     .....                  (no boots)
Stlth    ++........             (no amulet)
HPRegen  0.10/turn              j - ring of see invisible
MPRegen  0.11/turn              (no ring)

@: slow
A: amphibious, slowness 1, strong legs 1, +LOS
a: Hop


You were in a sewer.
You visited 1 branch of the dungeon, and saw 3 of its levels.
You also visited: Sewer.

You collected 85 gold pieces.

Inventory:

Hand Weapons
 d - a +2 long sword of holy wrath (weapon)
Armour
 a - a +0 robe (worn)
Jewellery
 j - a ring of see invisible (left hand)
Scrolls
 c - a scroll of noise {unknown}
 g - a scroll of enchant weapon {unknown}
 i - a scroll of brand weapon {unknown}
 k - a scroll of immolation {unknown}
 l - 3 scrolls of teleportation {unknown}
 m - a scroll of fear {unknown}
 n - a scroll of identify {unknown}
 o - 4 scrolls of enchant armour {unknown}
Potions
 b - a potion of haste {unknown}
 e - a potion of attraction {unknown}
 f - a potion of berserk rage
 h - a potion of curing {unknown}


   Skills:
 + Level 0.5 Fighting
 + Level 1.0 Long Blades
 + Level 2.2 Dodging
 - Level 1.7 Stealth
 * Level 3.1 Spellcasting
 * Level 6.4 Summonings


You had 5 spell levels left.
You knew the following spells:

 Your Spells              Type           Power      Damage    Failure   Level
a - Summon Small Mammal   Summ           96%        N/A       1%          1
b - Call Canine Familiar  Summ           24%        N/A       3%          3

Your spell library contained the following spells:

 Spells                   Type           Power      Damage    Failure   Level
 Call Imp                 Summ           24%        N/A       1%          2
 Summon Guardian Golem    Hex/Summ       13%        N/A       14%         3
 Summon Lightning Spire   Summ/Air       13%        N/A       41%         4


Dungeon Overview and Level Annotations

Branches:
Dungeon (3/15)              Sewer (1/1)

Altars:

Shops:
D:2 !

Annotations:
D:3 2 runed translucent doors, Tutankhamun's ghost, weakling TrMo


Innate Abilities, Weirdness & Mutations

You are amphibious.
You cover ground slowly.
You can hop short distances.
You have an extended range of vision and can be seen from far away.


Message History

The kobold shouts!
The kobold brigand shoots a bolt.
The bolt hits you!
You swap places.
Magic restored.
Your hound disappears in a puff of smoke!
The kobold brigand shoots a bolt.
The bolt hits you!
The kobold brigand shoots a bolt.
The bolt hits you.
The kobold brigand shoots a bolt.
The bolt closely misses you.
Casting: Call Canine Familiar (dangerous; 3% risk of failure)
Confirm with . or Enter, or press ? or * to list all spells.
The kobold shouts!
The kobold brigand shoots a bolt.
The bolt hits your hound. What are your orders? t - Croak!
Orders for allies: a - Attack new target. r - Retreat! s - Stop attacking. g - Guard the area. f - Follow me.
Anything else - Cancel.
Guard this area!
Your hound bites the kobold.
The kobold dies!
The kobold brigand shoots a bolt.
The bolt hits your hound!
Your hound dies!
Your hound's corpse disappears in a puff of smoke!
The kobold brigand shoots a bolt.
The bolt barely misses you.
Casting: Call Canine Familiar (dangerous; 3% risk of failure)
Confirm with . or Enter, or press ? or * to list all spells.
The kobold brigand shoots a bolt.
The bolt closely misses your hound. The bolt hits you.
What are your orders? t - Croak!
Orders for allies: a - Attack new target. r - Retreat! s - Stop attacking. g - Guard the area. f - Follow me.
Anything else - Cancel.
Guard this area!
The kobold brigand shoots a bolt.
The bolt closely misses your hound. The bolt hits you.
* * * LOW HITPOINT WARNING * * *
The kobold brigand shoots a bolt.
The bolt completely misses your hound. The bolt hits you!
You die...

.....####..≈..#####...≈.####≈..
#≈..## ##.≈.#######.≈.## ##≈##
##≈####.####≈## #≈# #≈# #.?K#
#≈# #≈# #≈# ?∩h #≈# #≈# #≈# .).
#≈# ##≈## ##≈## #.# #≈## #≈..##
##≈≈≈###≈# .≈.##
....≈####.≈≈≈.##@##≈..!.#
....≈≈≈≈≈≈.∩.≈≈≈≈≈≈≈.≈..≈
≈....####.≈.≈.#####.?..≈#
#.≈.## ##.≈.## ≈.≈## #####
##≈## ≈## #≈# # #≈# ##≈##
##≈.≈##


You could see a kobold brigand (ally target) and a friendly hound (summoned).

Vanquished Creatures
  An orc wizard (D:3)
  An adder (Sewer)
  3 orcs (D:3)
  2 ball pythons
  An endoplasm (Sewer)
  A giant cockroach (D:3)
  2 hobgoblins
  3 jackals (D:1)
  2 quokkas
  A frilled lizard (D:2)
  3 kobolds
  5 rats
25 creatures vanquished.

Vanquished Creatures (collateral kills)
  An adder (Sewer)
  2 river rats
  3 dart slugs (D:1)
  An orc (D:3)
  2 endoplasms (D:1)
  A hobgoblin (D:1)
  A jackal (D:1)
  2 quokkas
  6 ball pythons
  4 bats
  6 kobolds
  4 rats
33 creatures vanquished.

Grand Total: 58 creatures vanquished

Notes
Turn   | Place    | Note
-------+----------+-------------------------------------------
     0 | D:1      | H0rd4k the Barachi Summoner began the quest for the Orb.
     0 | D:1      | Reached XP level 1. HP: 13/13 MP: 3/3
   148 | D:1      | Reached skill level 5 in Summonings
   449 | D:1      | Reached XP level 2. HP: 19/19 MP: 1/5
  1102 | D:1      | Reached XP level 3. HP: 25/25 MP: 2/6
  1106 | D:1      | Learned a level 3 spell: Call Canine Familiar
  1737 | D:2      | Found Meor's Distillery.
  1985 | D:2      | Found a faded altar of an unknown god.
  2429 | D:3      | Found a runed translucent door.
  2431 | D:3      | Noticed Tutankhamun's ghost (weakling TrMo)
  2606 | D:3      | HP: 1/25 [orc wizard/magic dart (7)]
  2609 | D:3      | Reached skill level 6 in Summonings
  2609 | D:3      | Reached XP level 4. HP: 3/31 MP: 3/8
  2631 | D:3      | Found a glowing drain.
  2643 | D:3      | Reached skill level 1 in Long Blades
  2907 | D:3      | Found a runed translucent door.
  2938 | Sewer    | Entered a sewer
  3429 | Sewer    | Noticed a kobold brigand
  3804 | Sewer    | Shot with a bolt by a kobold brigand

Illustrated notes

Levels and vault maps discovered:
D:1:      lemuel_arrival_tunnels, layout_basic, st_stairs_12
D:2:      layout_loops_ring, serial_shops, nicolae_diamond_shop,
          chequers_ecumenical_altar_simple_redux, glass_columns_c
D:3:      layout_loops_cross, ebering_ghost_sewer_f, portal_sewer_entry_c
Sewer:    sewer_co_15_rooms

Skill      XL: |  1  2  3  4 |
---------------+-------------+-----
Summonings     | 5 6 |  6.4
Spellcasting   | 3 |  3.1
Long Blades    | 1 |  1.0
Fighting       | |  0.5
Dodging        | |  2.2
Stealth        | |  1.7

Action                   |  1- 3 |  4- 6 || total
-------------------------+-------+-------++-------
Melee: Long sword        |    34 |    17 ||    51
 Cast: Summon Small Mamm |    85 |    19 ||   104
       Call Canine Famil |       |     9 ||     9
  Use: Potion            |     1 |       ||     1
 Stab: Distracted        |     2 |     1 ||     3
Armor: Robe              |     8 |     3 ||    11
Dodge: Dodged            |    49 |    23 ||    72
       Rpst.: Long sword |    16 |     6 ||    22
